 Dungeon Crawl Stone Soup version 0.28.0-43-g3370ac3207 (webtiles) character file.

Game seed: 14436595913456747354

145233 Zonian the Nimble (level 16, -10/134 HPs)
             Began as a Demonspawn Ice Elementalist on Mar 2, 2022.
             Was a High Priest of Ashenzari.
             Shot with a bolt by Vashnia (28 damage)
             ... on level 2 of the Snake Pit on Mar 5, 2022.
             The game lasted 03:03:59 (42726 turns).

Zonian the Nimble (Demonspawn Ice Elementalist)    Turns: 42726, Time: 03:04:00

Health: -10/134    AC: 14    Str: 11    XL:     16   Next: 86%
Magic:  21/32      EV: 26    Int: 25    God:    Ashenzari [*****.]
Gold:   1407       SH:  8    Dex: 24    Spells: 3/40 levels left

rFire   . . .      SeeInvis +   w - +8 arc blade {discharge, rElec}
rCold   . . .      Faith    .   E - +0 buckler "Behold Eternity" {rElec rPois rCorr Int-2, Self, Alch} (curse)
rNeg    . . .      Spirit   .   D - +0 steam dragon scales "Seeker of Ashenzari" {Alch, Cun} (curse)
rPois   +          Reflect  .   P - +2 hat of the Ruined Stars {Melee, Bglg} (curse)
rElec   +          Harm     .   m - +0 cloak "Circumscribed Together" {Comp, Bglg} (curse)
rCorr   +          Rampage  .   Y - +2 pair of gloves "Cursed Oblivion" {Dex+3, Elem, Fort} (curse)
Will    +....      Clarity  +   (boots unavailable)
Stlth   +++++.....              k - amulet of the Chained Sorrow {Regen+, Range, Self} (curse)
HPRegen 1.12/turn               i - +6 ring of intelligence
MPRegen 0.23/turn               l - ring "I Knew You'd Do That" {Dex+6, Alch, Cun} (curse)

@: studying Shields
A: hooves 3, rugged brown scales 3, demonic guardian 3, powered by death 2
a: Renounce Religion, Curse Item, Shatter the Chains


You were on level 2 of the Snake Pit.
You worshipped Ashenzari.
Ashenzari was extremely pleased with you.
You visited 5 branches of the dungeon, and saw 26 of its levels.
You also visited: Volcano.

You collected 2558 gold pieces.
You spent 1151 gold pieces at shops.

Inventory:

Hand Weapons
 q - the +7 dagger of Valour {speed, rC+ rN+}
   (You found it on level 6 of the Lair of Beasts)

   Attacks with this weapon are significantly faster.
   rC:        It protects you from cold.
   rN:        It protects you from negative energy.
 w - the +8 arc blade (weapon) {discharge, rElec}
   (You found it on level 8 of the Dungeon)

   It occasionally unleashes powerful arcs of lightning upon striking a foe.
   These may arc to other adjacent creatures (including the wielder, but dealing
   reduced damage to them) before grounding out.
   rElec:     It insulates you from electricity.
 B - a +2 hunting sling of flaming
 G - a +3 scimitar of flaming
Missiles
 u - 2 javelins
 v - a throwing net
 A - 18 boomerangs
 C - 4 silver javelins
 F - 13 curare-tipped darts
Armour
 m - the cursed +0 cloak "Circumscribed Together" (worn) {Comp, Bglg}
   (You found it on level 5 of the Dungeon)

   It has a curse which improves the following skills: Companions: Summonings
   and Necromancy.
   Beguiling: Conjurations, Hexes and Translocations.
 D - the cursed +0 steam dragon scales "Seeker of Ashenzari" (worn) {Alch, Cun}
   (You found it on level 8 of the Dungeon)

   It has a curse which improves the following skills: Alchemy: Poison Magic and
   Transmutations.
   Cunning:   Dodging and Stealth.
 E - the cursed +0 buckler "Behold Eternity" (worn) {rElec rPois rCorr Int-2, Self, Alch}
   (You bought it in a shop on level 2 of the Orcish Mines)

   Int:       It affects your intelligence (-2).
   rElec:     It insulates you from electricity.
   rPois:     It protects you from poison.
   rCorr:     It protects you from acid and corrosion.
   It has a curse which improves the following skills: Introspection: Fighting
   and Spellcasting.
   Alchemy:   Poison Magic and Transmutations.
 I - the +1 ring mail of the Abyss {Rampage Will+}
   (You found it on level 8 of the Dungeon)

   Rampage:   It bestows one free step when moving towards enemies.
   Will:      It increases your willpower.
 P - the cursed +2 hat of the Ruined Stars (worn) {Melee, Bglg}
   (You took it off Gastronok on level 2 of the Lair of Beasts)

   It has a curse which improves the following skills: Melee Combat: Short
   Blades, Long Blades, Axes, Maces & Flails, Polearms, Staves and Unarmed
   Combat.
   Beguiling: Conjurations, Hexes and Translocations.
 Y - the cursed +2 pair of gloves "Cursed Oblivion" (worn) {Dex+3, Elem, Fort}
   (You found it on level 14 of the Dungeon)

   It has a curse which improves the following skills: Elements: Fire Magic, Ice
   Magic, Air Magic and Earth Magic.
   Fortitude: Armour and Shields.
Jewellery
 a - a ring of ice
 f - a ring of protection from fire
 i - a +6 ring of intelligence (left hand)
 k - the cursed amulet of the Chained Sorrow (around neck) {Regen+, Range, Self}
   (You found it on level 5 of the Dungeon)

   [amulet of regeneration]

   Regen:     It increases your rate of health regeneration.
   It has a curse which improves the following skills: Ranged Combat: Slings,
   Bows, Crossbows and Throwing.
   Introspection: Fighting and Spellcasting.
 l - the cursed ring "I Knew You'd Do That" (right hand) {Dex+6, Alch, Cun}
   (You found it on level 5 of the Dungeon)

   [ring of dexterity]

   Dex:       It affects your dexterity (+6).
   It has a curse which improves the following skills: Alchemy: Poison Magic and
   Transmutations.
   Cunning:   Dodging and Stealth.
 s - a ring of flight
 J - a +6 ring of strength
 N - a ring of protection from fire
 Q - a ring of resist corrosion
 V - a +4 ring of evasion
Wands
 g - a wand of charming (5)
 t - a wand of polymorph (5)
 M - a wand of acid (3)
 W - a wand of flame (33)
Scrolls
 b - 3 scrolls of teleportation
 c - 4 scrolls of magic mapping
 d - 3 scrolls of fog
 o - a scroll of enchant weapon
 r - 5 scrolls of blinking
 y - 3 scrolls of fear
 z - 2 scrolls of silence
 L - 3 scrolls of enchant armour
 O - a scroll of brand weapon
 X - a scroll of summoning
Potions
 h - 3 potions of might
 j - 8 potions of flight
 p - a potion of berserk rage
 x - 8 potions of curing
 H - 3 potions of attraction
 K - 4 potions of brilliance
 R - 2 potions of heal wounds
 S - 8 potions of ambrosia
 U - 2 potions of invisibility
 Z - 2 potions of haste
Miscellaneous
 n - a condenser vane (inert)
 T - a lightning rod (2/4)


   Skills:
 - Level 7.9(11.4) Fighting
 + Level 11.1(13.4) Short Blades
 - Level 2.0(8.0) Long Blades
 - Level 0.3(1.1) Maces & Flails
 - Level 12.7(16.1) Dodging
 - Level 8.1(11.6) Stealth
 - Level 7.9(10.2) Shields
 - Level 9.4(12.9) Spellcasting
 + Level 11.0(14.4) Conjurations
 - Level 2.6(5.3) Hexes
 - Level 2.6(4.5) Summonings
 - Level 10.0(12.2) Ice Magic
 + Level 4.7(6.9) Air Magic
 + Level 9.2(11.5) Earth Magic
 + Level 7.1 Evocations


You had 3 spell levels left.
You knew the following spells:

 Your Spells              Type           Power      Damage    Failure   Level
a - Freeze                Ice            100%       1d11      1%          1
b - Frozen Ramparts       Ice            100%       1d12      1%          3
c - Ozocubu's Armour      Ice            67%        N/A       1%          3
d - Searing Ray           Conj           100%       2d8       1%          2
e - Magic Dart            Conj           100%       1d8       0%          1
f - Hailstorm             Conj/Ice       70%        3d15      1%          4
g - Fulminant Prism       Conj/Hex       30%        3d16      1%          4
h - Summon Ice Beast      Ice/Summ       55%        N/A       1%          4
i - Iron Shot             Conj/Erth      34%        9d7       3%          6
j - Lightning Bolt        Conj/Air       31%        1d48      1%          5
k - Summon Lightning Spi  Summ/Air       44%        N/A       4%          4

Your spell library contained the following spells:

 Spells                   Type           Power      Damage    Failure   Level
 Slow                     Hex            100%       N/A       1%          1
 Summon Small Mammal      Summ           100%       N/A       1%          1
 Confusing Touch          Hex            43%        N/A       1%          3
 Conjure Flame            Conj/Fire      52%        6-21      1%          3
 Animate Skeleton         Necr           34%        N/A       3%          1
 Apportation              Tloc           36%        N/A       3%          1
 Gell's Gravitas          Tloc           18%        N/A       11%         3
 Ignite Poison            Fire/Tmut/Pois 18%        N/A       11%         3
 Lesser Beckoning         Tloc           18%        N/A       11%         3
 Teleport Other           Tloc           18%        N/A       11%         3
 Vampiric Draining        Necr           17%        2d7       12%         3
 Animate Armour           Summ/Erth      100%       N/A       1%          4
 Sticky Flame             Conj/Fire      52%        2d7       1%          4
 Ice Form                 Ice/Tmut       48%        N/A       3%          4
 Ozocubu's Refrigeration  Ice            33%        4d11      24%         7
 Olgreb's Toxic Radiance  Pois           19%        N/A       32%         4
 Simulacrum               Ice/Necr       23%        N/A       45%         6
 Blade Hands              Tmut           9%         N/A       67%         5
 Malign Gateway           Summ/Tloc      14%        N/A       100%        7
 Storm Form               Tmut/Air       17%        N/A       100%        7
 Ignition                 Fire           8%         3d5       100%        8
 Maxwell's Capacitive Co  Air            25%        ∞         100%        8


Dungeon Overview and Level Annotations

Branches:
Dungeon (15/15)            Temple (1/1) D:7            Lair (6/6) D:9
  Swamp (0/4) Lair:2        Snake (2/4) Lair:4        Slime (0/5) Lair:5
    Orc (2/2) D:10            Elf (0/3) Orc:2        Vaults (0/5) D:14
 Depths (0/4) D:15        Volcano (visited)

Altars:
Ashenzari
Cheibriados
Dithmenos
Elyvilon
Fedhas
Gozag
Hepliaklqana
Kikubaaqudgha
Makhleb
Nemelex Xobeh
Okawaru
Qazlal
Ru
Sif Muna
Trog
Uskayaw
Vehumet
Wu Jian
Xom
Yredelemnul
Zin
The Shining One
Jiyva

Shops:
D:6 (   D:12 *   Orc:2 !*?*

Annotations:
Snake:2 Agnes, Vashnia


Innate Abilities, Weirdness & Mutations

You have hooves in place of feet.
You are completely covered in rugged brown scales. (AC +3, +7% HP)
A powerful demonic guardian rushes to your aid.
You regenerate health from kills.


Message History

Vashnia shoots a bolt.
The bolt hits you.
* * * LOW HITPOINT WARNING * * *
The bolt burns you.
* * * LOW HITPOINT WARNING * * *
The naga sharpshooter shoots a bolt.
The bolt hits you!!
* * * LOW HITPOINT WARNING * * *
You feel much better.
Vashnia shoots a bolt.
The bolt hits your soul eater!! The bolt burns your soul eater.
The naga sharpshooter shoots a bolt.
The bolt hits your soul eater.
Casting: Magic Dart (safe; 0% risk of failure)
Confirm with . or Enter, or press ? or * to list all spells.
Okay, then.
You feel better.
Vashnia shoots a bolt.
The bolt hits your soul eater!! The bolt burns your soul eater.
The naga sharpshooter shoots a bolt.
The bolt barely misses your soul eater. The bolt barely misses you.
Unknown command.
You feel better.
Vashnia glares at her squad, motioning for silence.
Vashnia shoots a bolt.
The bolt hits your soul eater! The bolt burns your soul eater.
Your soul eater dies!
Your soul eater disappears in a puff of smoke!
The naga sharpshooter spits poison at you.
The splash of poison hits you but does no damage.
You resist.
Your lightning spire shoots out a bolt of lightning at Vashnia!
The bolt of electricity hits Vashnia!
Aiming: Thunderbolt
Press: ? - help, Shift-Dir - straight line, f/p - Vashnia
Aim: Vashnia, wielding a +3 arbalest of flaming, wearing a +0 barding of flying and quivering bolts (heavily wounded, covered in acid, ally target)
The thunderbolt hits Vashnia!
Vashnia is heavily wounded.
Vashnia is no longer covered in acid.
Vashnia shoots a bolt.
The bolt hits you!!
* * * LOW HITPOINT WARNING * * *
The bolt burns you!
* * * LOW HITPOINT WARNING * * *
Vashnia says to her squad, "Do not let the Demonspawn escape!"
Vashnia shoots a bolt.
The bolt hits you!!
You die...

....##..........###
..####.......#...##
..####.##....#...##
#.##...###|..#...##
#....#####..###.###
.....#####....#.####
.....#####.......###
.....### #.......#####
#.#.### #..##..@#...#
#.#...####..###..8...#
......#.....###......#
#.#.....###..N....####
#.##............####
..##........NN.^...#
.### ##.....§##....#
.##..##...§..##....#
....#*#.####.##.####


You could see Vashnia (ally target), 2 naga sharpshooters and a friendly
lightning spire (summoned).

Vanquished Creatures
  Saint Roka (Orc:2)
  Rupert (Lair:3)
  Gastronok (Lair:2)
  Kirke (D:15)
  Donald (Orc:2)
  2 ghouls (D:15)
  A stone giant (D:15)
  Nessos (D:13)
  Azrael (D:12)
  A fire dragon (D:9)
  The ghost of rabbitsville the Arsonist, a journeyman HOFE of Beogh (Orc:1)
  2 salamander tyrants (Snake:2)
  7 naga warriors
  7 boulder beetles
  4 hydras
  Erolcha (D:9)
  4 vault guards (D:14)
  3 anacondas
  A catoblepas (D:8)
  2 ogre magi
  4 centaur warriors
  16 two-headed ogres
  4 death yaks (Lair:3)
  5 tengu warriors
  7 naga sharpshooters
  2 shock serpents
  Sonja (Orc:2)
  A fire crab (Lair:5)
  A skeletal warrior (D:15)
  A goliath frog (shapeshifter) (D:8)
  A swamp dragon (Lair:6)
  2 deep trolls (Orc:2)
  3 naga ritualists
  A deep elf archer (D:14)
  A deep elf pyromancer (D:8)
  4 mana vipers
  2 orc knights (Orc:1)
  6 ugly things (D:14)
  4 cyclopes
  2 manticores
  14 salamanders
  An orc sorcerer (D:14)
  Maurice (Orc:2)
  21 elephants
  2 naga magi
  18 black mambas
  7 cane toads
  3 gargoyles
  6 rime drakes
  An efreet (D:8)
  3 kobold demonologists (D:10)
  3 komodo dragons
  A queen bee (Lair:3)
  3 tengu conjurers (D:14)
  2 guardian mummies (D:15)
  8 polar bears
  6 trolls
  6 meliai
  13 blink frogs
  10 slime creatures
  A raiju (Lair:6)
  A meliai zombie (D:15)
  2 shadows
  2 water elementals (D:14)
  7 wraiths
  38 yaks
  2 fire bats (Volcano)
  5 wyverns
  A hog (D:15)
  4 fire elementals
  2 humans (D:15)
  Grum (D:8)
  7 vampire mosquitoes
  2 basilisks
  3 steam dragons
  18 nagas
  A two-headed ogre zombie (D:10)
  6 wargs
  3 acid dragons
  18 hell hounds
  A swamp drake (Lair:6)
  An ice beast (D:8)
  16 water moccasins
  14 black bears
  13 orc warriors
  2 hornet zombies (D:15)
  19 ogres
  35 wolves
  2 phantoms
  11 centaurs
  8 kobold brigands
  16 bullfrogs
  2 wyvern zombies
  A gnoll sergeant (Orc:2)
  A water moccasin zombie (D:6)
  A hornet simulacrum (D:15)
  24 killer bees (Lair:3)
  A water moccasin skeleton (D:5)
  5 wights
  4 howler monkeys
  13 electric eels
  7 lava snakes
  2 bullfrog zombies
  5 centaur zombies
  A jelly (D:6)
  A hound (D:4)
  7 orc priests
  A gnoll shaman (D:5)
  Ijyb (D:3)
  8 iguanas
  Natasha (thrice) (D:4)
  13 orc wizards
  5 ogre zombies (D:10)
  4 mummies (D:15)
  2 howler monkey zombies
  9 gnolls
  A howler monkey skeleton (D:4)
  7 adders
  12 white imps (Lair:5)
  3 ufetubi
  A worm (D:3)
  3 dart slugs
  49 orcs
  7 ball pythons
  7 endoplasms
  2 giant cockroaches (D:4)
  5 hobgoblins
  3 jackals (D:2)
  13 kobolds
  A bat (D:1)
  5 frilled lizards
  6 goblins
  A goblin skeleton (D:10)
  2 goblin zombies (D:10)
  2 hobgoblin zombies (D:10)
  4 orc skeletons (D:10)
  12 orc zombies (D:10)
  5 rats
774 creatures vanquished.

Vanquished Creatures (collateral kills)
  A stone giant (Orc:2)
  A fire dragon (Lair:6)
  A vault guard (D:14)
  A boulder beetle (D:15)
  An ogre mage (Orc:2)
  3 centaur warriors
  An anaconda (Snake:2)
  A two-headed ogre (Orc:2)
  A shock serpent (Snake:2)
  A manticore (D:8)
  A naga mage (Snake:2)
  A cane toad (Lair:5)
  2 komodo dragons (Lair:1)
  2 rime drakes (Lair:6)
  3 trolls
  2 polar bears (Lair:6)
  A wyvern (Lair:6)
  7 yaks
  A basilisk (Lair:5)
  A steam dragon (Lair:6)
  A fire elemental (D:12)
  A warg (Orc:2)
  A water moccasin (D:5)
  2 orc warriors (Orc:2)
  A sky beast (D:5)
  2 black bears (Lair:6)
  2 ogres (Orc:2)
  2 wolves
  A bullfrog (Lair:5)
  A wight (D:4)
  2 electric eels (Lair:1)
  A lava snake (Lair:1)
  A centaur zombie (D:7)
  A scorpion zombie (D:5)
  2 ogre zombies (D:10)
  A hound skeleton (D:5)
  A gnoll (D:5)
  An adder (D:4)
  A dart slug (D:4)
  6 orcs
  A goblin zombie (D:10)
  An orc skeleton (D:10)
  An orc zombie (D:10)
67 creatures vanquished.

Vanquished Creatures (others)
  An iguana (Lair:6)
  A howler monkey zombie (D:8)
  A goblin (D:4)
  An orc zombie (D:10)
  A bush (Lair:5)
  21 fulminant prisms
  63 fungi
  95 plants
184 creatures vanquished.

Grand Total: 1025 creatures vanquished

Notes
Turn   | Place    | Note
-------+----------+-------------------------------------------
     0 | D:1      | Zonian the Demonspawn Ice Elementalist began the quest for
                  | the Orb.
     0 | D:1      | Reached XP level 1. HP: 13/13 MP: 3/3
   448 | D:1      | Reached skill level 2 in Dodging
   482 | D:1      | Gained mutation: You are partially covered in rugged brown
                  | scales. (AC +1, +3% HP) [demonic ancestry]
   482 | D:1      | Reached XP level 2. HP: 11/19 MP: 1/5
  1682 | D:2      | Found a faded altar of an unknown god.
  2308 | D:3      | Gained mutation: You are mostly covered in rugged brown
                  | scales. (AC +2, +5% HP) [demonic ancestry]
  2308 | D:3      | Reached XP level 3. HP: 13/25 MP: 6/6
  2719 | D:3      | Learned a level 3 spell: Frozen Ramparts
  4177 | D:3      | Reached XP level 4. HP: 29/31 MP: 7/7
  4285 | D:3      | Noticed Ijyb
  4299 | D:3      | Killed Ijyb
  4631 | D:3      | Reached skill level 1 in Short Blades
  4631 | D:3      | Gained mutation: A weak demonic guardian rushes to your
                  | aid. [demonic ancestry]
  4631 | D:3      | Reached XP level 5. HP: 13/36 MP: 6/9
  5493 | D:4      | Noticed Natasha
  5524 | D:4      | Noticed a phantom
  5540 | D:4      | Killed Natasha
  5541 | D:4      | Noticed Natasha
  5545 | D:4      | Killed Natasha
  5548 | D:4      | Reached skill level 3 in Dodging
  5629 | D:4      | Noticed Natasha
  5641 | D:4      | Killed Natasha
  6019 | D:4      | Gained mutation: You have large cloven feet. [demonic
                  | ancestry]
  6019 | D:4      | Reached XP level 6. HP: 37/43 MP: 6/10
  6542 | D:5      | Entered Level 5 of the Dungeon
  6762 | D:5      | Found a snail-covered altar of Cheibriados.
  6899 | D:5      | Noticed a sky beast
  6918 | D:5      | Killed a sky beast
  6919 | D:5      | Gained mutation: You are completely covered in rugged brown
                  | scales. (AC +3, +7% HP) [demonic ancestry]
  6919 | D:5      | Reached XP level 7. HP: 3/49 MP: 9/12
  7301 | D:5      | Found a sand-covered staircase.
  7878 | D:5      | Reached skill level 5 in Ice Magic
  8625 | D:4      | Reached skill level 4 in Dodging
  8950 | D:4      | HP: 2/40 [wight/+5 dire flail (11)]
  9629 | D:6      | Found Ciacryzu's Weapon Emporium.
  9678 | D:6      | Gained mutation: You regenerate a little health from kills.
                  | [demonic ancestry]
  9678 | D:6      | Reached XP level 8. HP: 48/49 MP: 14/14
  9709 | D:6      | Found a hide-covered altar of Uskayaw.
  9940 | D:6      | Learned a level 3 spell: Ozocubu's Armour
 10230 | D:6      | Identified the +5 chain mail of the Enchanted Forest {rPois
                  | MP+9 Int-3}
 10691 | D:7      | Reached skill level 5 in Stealth
 10942 | D:7      | Reached skill level 5 in Spellcasting
 11058 | D:7      | Reached skill level 5 in Dodging
 11111 | D:7      | Found a staircase to the Ecumenical Temple.
 11144 | Temple   | Entered the Ecumenical Temple
 11506 | Temple   | Became a worshipper of Ashenzari the Shackled
 11666 | D:8      | Reached XP level 9. HP: 52/60 MP: 13/16
 11748 | D:8      | Noticed a boulder beetle
 11752 | D:8      | Noticed a two-headed ogre
 11917 | D:8      | Noticed a two-headed ogre
 11935 | D:8      | HP: 2/60 [two-headed ogre/+0 giant spiked club (24)]
 11942 | D:8      | Killed a two-headed ogre
 12125 | D:8      | Noticed Grum
 12146 | D:8      | Killed Grum
 12149 | D:8      | Reached skill level 5 in Short Blades
 12169 | D:8      | Noticed a manticore
 12444 | D:8      | Noticed a two-headed ogre
 12463 | D:8      | Killed a two-headed ogre
 12464 | D:8      | Reached skill level 6 in Dodging
 12648 | D:8      | Found the +8 arc blade {discharge, rElec}
 12649 | D:8      | Noticed a manticore
 12649 | D:8      | Noticed a tengu warrior
 12695 | D:8      | Gained mutation: A demonic guardian rushes to your aid.
                  | [demonic ancestry]
 12695 | D:8      | Reached XP level 10. HP: 63/67 MP: 12/19
 13088 | D:8      | Killed a boulder beetle
 13091 | D:8      | Killed a manticore
 13312 | D:8      | Learned a level 2 spell: Searing Ray
 13337 | D:8      | Noticed a deep elf pyromancer
 13354 | D:8      | Killed a deep elf pyromancer
 13355 | D:8      | Reached skill level 7 in Dodging
 13355 | D:8      | Reached skill level 1 in Conjurations
 13710 | D:8      | Killed a two-headed ogre
 13923 | D:8      | Noticed a bunyip
 13925 | D:8      | Noticed a goliath frog
 13925 | D:8      | a bunyip changed into a goliath frog
 14136 | D:8      | Noticed a tengu warrior
 14173 | D:8      | Killed a tengu warrior
 14174 | D:8      | Gained mutation: You have hoof-like feet. [demonic
                  | ancestry]
 14174 | D:8      | Reached XP level 11. HP: 53/72 MP: 14/22
 14300 | D:8      | Learned a level 1 spell: Magic Dart
 14305 | D:8      | Learned a level 4 spell: Hailstorm
 14307 | D:8      | Noticed a centaur warrior
 14447 | D:8      | Noticed a two-headed ogre
 14467 | D:8      | Noticed a boulder beetle
 14477 | D:8      | Killed a boulder beetle
 14509 | D:8      | Noticed a goliath frog
 14519 | D:8      | Killed a goliath frog
 14520 | D:8      | Reached skill level 1 in Fighting
 15064 | D:8      | Killed a two-headed ogre
 15115 | D:8      | Killed a centaur warrior
 15256 | D:8      | Noticed a catoblepas
 15277 | D:8      | Killed a tengu warrior
 15563 | D:8      | Noticed a centaur warrior
 15570 | D:8      | Killed a centaur warrior
 15652 | D:8      | Killed a catoblepas
 15653 | D:8      | Reached skill level 8 in Dodging
 16212 | D:8      | Got the Catalogue of Supportive Attacks
 16219 | D:8      | Identified the +1 ring mail of the Abyss {Rampage Will+}
 16404 | D:9      | Reached * piety under Ashenzari
 16572 | D:9      | Found a staircase to the Lair.
 16585 | D:9      | Reached skill level 1 in Shields
 16667 | D:9      | Noticed a fire dragon
 16710 | D:9      | Noticed Erolcha
 16719 | D:9      | Killed Erolcha
 17208 | Lair:1   | Entered Level 1 of the Lair of Beasts
 17462 | Lair:1   | Gained mutation: A powerful demonic guardian rushes to your
                  | aid. [demonic ancestry]
 17462 | Lair:1   | Reached XP level 12. HP: 10/89 MP: 19/25
 17799 | Lair:1   | Reached ** piety under Ashenzari
 18228 | Lair:1   | Identified the +6 chain mail "Osejiut" {Rampage Str+4
                  | Slay+5 Stlth-}
 18411 | Lair:1   | Reached skill level 5 in Conjurations
 19522 | Lair:1   | Reached skill level 9 in Dodging
 19687 | Lair:2   | Learned a level 4 spell: Fulminant Prism
 19813 | Lair:2   | Noticed a five-headed hydra
 19823 | Lair:2   | Killed a five-headed hydra
 19848 | Lair:2   | Reached skill level 10 in Ice Magic
 19861 | Lair:2   | Noticed a boulder beetle
 19877 | Lair:2   | Killed a boulder beetle
 19961 | Lair:2   | Noticed an eight-headed hydra
 19972 | Lair:2   | Killed an eight-headed hydra
 20020 | Lair:2   | Reached skill level 10 in Dodging
 20380 | Lair:2   | Noticed Gastronok
 20454 | Lair:2   | Killed Gastronok
 20757 | Lair:2   | Found a staircase to the Swamp.
 20908 | Lair:2   | Gained mutation: You have hooves in place of feet. [demonic
                  | ancestry]
 20908 | Lair:2   | Reached XP level 13. HP: 61/97 MP: 27/27
 21170 | Lair:3   | Reached *** piety under Ashenzari
 21182 | Lair:3   | Noticed Rupert
 21387 | Lair:3   | Reached skill level 1 in Earth Magic
 21410 | Lair:3   | Learned a level 4 spell: Summon Ice Beast
 21479 | Lair:3   | Reached skill level 1 in Summonings
 22351 | Lair:3   | Paralysed by Rupert for 4 turns
 22562 | Lair:3   | Paralysed by Rupert for 4 turns
 23023 | Lair:4   | Reached skill level 1 in Hexes
 23032 | Lair:4   | Reached skill level 1 in Evocations
 23403 | Lair:4   | Found a staircase to the Snake Pit.
 24451 | Lair:5   | Found a viscous altar of Jiyva.
 24451 | Lair:5   | Found a staircase to the Slime Pits.
 24659 | Lair:5   | Reached **** piety under Ashenzari
 24819 | Lair:5   | Found a frozen archway.
 25258 | Lair:6   | Entered Level 6 of the Lair of Beasts
 25366 | Lair:6   | Reached skill level 1 in Long Blades
 25822 | Lair:6   | Reached skill level 11 in Dodging
 25863 | Lair:6   | Identified the +7 dagger of Valour {speed, rC+ rN+}
 26038 | Lair:6   | Reached XP level 14. HP: 108/108 MP: 23/28
 26048 | Lair:6   | Reached skill level 5 in Fighting
 26749 | Lair:6   | Reached skill level 5 in Earth Magic
 28511 | D:10     | Entered Level 10 of the Dungeon
 28718 | D:10     | Found a staircase to the Orcish Mines.
 29026 | D:10     | Found an opulent altar of Gozag.
 29026 | D:10     | Found a shimmering altar of Xom.
 29042 | D:10     | Learned a level 6 spell: Iron Shot
 30504 | D:12     | Noticed Azrael
 30530 | D:12     | Killed Azrael
 30833 | D:12     | Reached skill level 12 in Dodging
 30833 | D:12     | Reached skill level 5 in Shields
 31456 | D:12     | Found Weaqus's Assorted Antiques.
 31463 | D:12     | Bought a scroll of fear for 119 gold pieces
 31725 | D:13     | Found a stormy altar of Qazlal.
 31772 | D:13     | Noticed Nessos
 31953 | D:13     | Gained mutation: You regenerate health from kills. [demonic
                  | ancestry]
 31953 | D:13     | Reached XP level 15. HP: 91/120 MP: 18/29
 32451 | D:13     | Killed Nessos
 34304 | D:14     | Reached skill level 10 in Short Blades
 34347 | D:14     | Found a gate to the Vaults.
 34587 | D:15     | Entered Level 15 of the Dungeon
 34690 | D:15     | Found a staircase to the Depths.
 35239 | D:15     | Noticed Kirke
 35248 | D:15     | Killed Kirke
 35248 | D:15     | Identified the cursed +0 cloak "Circumscribed Together"
                  | {Comp, Bglg} (You found it on level 5 of the Dungeon)
 35248 | D:15     | Identified the cursed +2 hat of the Ruined Stars {Melee,
                  | Bglg} (You took it off Gastronok on level 2 of the Lair of
                  | Beasts)
 35248 | D:15     | Identified the cursed +1 buckler "Mantic Incredulity"
                  | {Melee, Evo} (You took it off a tengu warrior on level 8 of
                  | the Dungeon)
 35248 | D:15     | Identified the cursed +0 steam dragon scales "Seeker of
                  | Ashenzari" {Alch, Cun} (You found it on level 8 of the
                  | Dungeon)
 35248 | D:15     | Identified the cursed ring "I Knew You'd Do That" {Dex+6,
                  | Alch, Cun} (You found it on level 5 of the Dungeon)
 35880 | Orc:1    | Entered Level 1 of the Orcish Mines
 35911 | Orc:1    | Found a burning altar of Makhleb.
 36119 | Orc:1    | Found a runed translucent gate.
 36119 | Orc:1    | Found a runed translucent gate.
 36124 | Orc:1    | Found a runed translucent gate.
 36124 | Orc:1    | Noticed rabbitsville's ghost (journeyman HOFE)
 36169 | Orc:1    | Killed rabbitsville's ghost
 36181 | Orc:1    | Learned a level 5 spell: Lightning Bolt
 36561 | Orc:2    | Entered Level 2 of the Orcish Mines
 36561 | Orc:2    | Found Lofemosi's General Store.
 36607 | Orc:2    | Found a dark tunnel.
 36613 | Orc:2    | Noticed Maurice
 36617 | Volcano  | Entered a volcano
 36869 | Orc:2    | Killed Maurice
 36988 | Orc:2    | Noticed Sonja
 37001 | Orc:2    | Noticed Donald
 37198 | Orc:1    | Reached ***** piety under Ashenzari
 37335 | Orc:2    | Reached skill level 1 in Air Magic
 37348 | Orc:2    | Found Soul's Assorted Antiques.
 37377 | Orc:2    | Noticed Saint Roka
 37383 | Orc:2    | Found Kiaveico's Distillery.
 37399 | Orc:2    | Killed Donald
 37400 | Orc:2    | Reached skill level 5 in Evocations
 37427 | Orc:2    | Reached XP level 16. HP: 121/130 MP: 14/31
 37435 | Orc:2    | Killed Saint Roka
 37440 | Orc:2    | Reached skill level 10 in Conjurations
 37440 | Orc:2    | Killed Sonja
 37602 | Orc:2    | Bought a scroll of teleportation for 45 gold pieces
 37602 | Orc:2    | Bought a scroll of teleportation for 45 gold pieces
 37602 | Orc:2    | Bought a potion of curing for 45 gold pieces
 37602 | Orc:2    | Bought a scroll of fear for 52 gold pieces
 37620 | Orc:2    | Found Fopapre's Magic Scroll Shoppe.
 37621 | Orc:2    | Found a staircase to the Elven Halls.
 37691 | Orc:2    | Bought a potion of curing for 45 gold pieces
 37691 | Orc:2    | Bought a potion of curing for 45 gold pieces
 37691 | Orc:2    | Bought a potion of heal wounds for 75 gold pieces
 37691 | Orc:2    | Bought a potion of invisibility for 120 gold pieces
 37691 | Orc:2    | Bought 2 potions of might for 120 gold pieces
 37691 | Orc:2    | Bought a potion of heal wounds for 75 gold pieces
 37691 | Orc:2    | Bought 2 potions of flight for 90 gold pieces
 37836 | Orc:2    | Bought a bloodstained buckler for 275 gold pieces
 37836 | Orc:2    | Identified the +0 buckler of Bamis {rElec rPois rCorr
                  | Int-2} (You bought it in a shop on level 2 of the Orcish
                  | Mines)
 38374 | Lair:3   | Killed Rupert
 38457 | Snake:1  | Entered Level 1 of the Snake Pit
 39665 | Snake:1  | Learned a level 4 spell: Summon Lightning Spire
 40243 | Snake:1  | Found a shimmering altar of Xom.
 41237 | Snake:2  | Noticed Vashnia
 41968 | Snake:2  | Noticed Agnes
 42726 | Snake:2  | Shot with a bolt by Vashnia

Illustrated notes

Levels and vault maps discovered:
D:1:      matt_arrival_refuge, layout_basic
D:2:      layout_basic, nicolae_ecumenical_snake_handling
D:3:      layout_basic, chequers_mini_garden, uniq_ijyb
D:4:      minmay_recursive_quarters, layout_basic, uniq_natasha
D:5:      layout_loops_ring, kennysheep_slug_shrine,
          nicolae_ossuary_entry_ruins, kennysheep_generic_room_10
D:6:      layout_loops_corners, mainiacjoe_overflow_small_starburst,
          nicolae_take_the_stairs, chequers_avenue
D:7:      layout_gridville, minmay_temple_entry_poolview, minmay_misc_feat_x,
          grunt_ministairs_10, nrook_pool_corridor
D:8:      minmay_the_grid_triangle_9x9_rhombus_full
          [minmay_the_grid_triangle_9x9_skeleton,
          minmay_the_grid_triangle_9x9_longest,
          minmay_the_grid_triangle_9x9_negative_grid,
          minmay_the_grid_triangle_9x9_cache,
          minmay_the_grid_triangle_9x9_alien,
          minmay_the_grid_triangle_9x9_sprig,
          minmay_the_grid_triangle_9x9_minimal,
          minmay_the_grid_triangle_9x9_prize_insulated], layout_loops_cross,
          grunt_decor_cap, minmay_shattered_shrine, uniq_grum
D:9:      nzn_winding_woodlands_cross
          [nzn_winding_woodlands_5x15_pathside_ponds,
          nzn_winding_woodlands_5x15_default,
          nzn_winding_woodlands_5x15_split_checker,
          nzn_winding_woodlands_5x15_zeroes,
          nzn_winding_woodlands_15x15_eel_pit], layout_basic,
          david_lair_generic, uniq_erolcha
D:10:     layout_irregular_city, amethyst_overflow_temple_binary,
          zombieorc2_lemuel, grunt_ogre_cave, fountainhead, st_stairs_13,
          chequers_garden
D:11:     layout_irregular_city
D:12:     layout_basic, serial_shops, shop_statue, uniq_azrael
D:13:     layout_basic, nicolae_qazlal_general_emergency, uniq_nessos
D:14:     layout_basic, grunt_vaults_entry_fortified, serial_glass,
          glass_columns_a, glass_columns_b, glass_columns_a, glass_columns_c,
          glass_columns_a, glass_columns_a, chequers_serial_rivers_micro_a
D:15:     grunt_enter_depths_snipers, layout_cave_pools, nicolae_lava_and_water,
          serial_undead, serial_undead_c, serial_undead_c, serial_undead_a,
          serial_undead_c, serial_undead_f, serial_undead_d,
          ebering_dispersal_statue_hall, grunt_decor_fettered, uniq_kirke
Temple:   dpeg_five_rooms_temple
Lair:1:   layout_long_grid, serial_rivers, chequers_serial_rivers_small_b,
          chequers_serial_rivers_micro_a, chequers_serial_rivers_micro_d,
          chequers_serial_rivers_room_b, chequers_serial_rivers_marsh,
          nicolae_lair_liquid_snakes
Lair:2:   layout_regular_city, swamp_mist, uniq_gastronok
Lair:3:   layout_cellular_growth, special_room [special_room_bee],
          grunt_megastairs_1, uniq_rupert
Lair:4:   layout_gridlike, dummy_snake_entry
Lair:5:   layout_gridlike, slime_altar_1, portal_ice_cave_entry_imps,
          grunt_megastairs_5
Lair:6:   hangedman_lair_caniforms_friends, layout_loops_ring,
          guppyfry_lair_end_dragon, grunt_megastairs_4
Snake:1:  layout_misc_corridors, basic_altar, special_room
Snake:2:  layout_misc_corridors, uniq_aizul, uniq_agnes, uniq_vashnia
Orc:1:    layout_caves, ebering_ghost_rock_garden, basic_altar
Orc:2:    st_orc_open, layout_caves, nicolae_volcano_entry_two_sided,
          uniq_sonja, uniq_saint_roka, uniq_maurice, uniq_donald

Skill      XL: |  1  2  3  4  5  6  7  8  9 10 11 12 13 14 15 16 |
---------------+-------------------------------------------------+-----
Stealth        | 2 3 4 5 6 8 |  8.1
Dodging        | 2 3 4 5 6 7 8 10 11 12 | 12.7
Ice Magic      | 4 5 6 7 8 10 | 10.0
Short Blades   | 1 2 3 4 5 6 7 8 9 10 11 | 11.1
Spellcasting   | 3 4 5 6 7 8 9 |  9.4
Conjurations   | 2 4 6 7 8 9 11 | 11.0
Fighting       | 3 4 7 |  7.9
Shields        | 2 4 5 6 7 |  7.9
Earth Magic    | 4 6 8 9 |  9.2
Summonings     | 2 |  2.6
Hexes          | 2 |  2.6
Evocations     | 3 5 7 |  7.1
Long Blades    | 2 |  2.0
Air Magic      | 1 4 |  4.7
Maces & Flails | |  0.3

Action                   |  1- 3 |  4- 6 |  7- 9 | 10-12 | 13-15 | 16-18 || total
-------------------------+-------+-------+-------+-------+-------+-------++-------
Melee: Unarmed           |     6 |       |       |       |       |       ||     6
       Dagger            |    96 |   125 |   440 |   222 |   249 |     5 ||  1137
       Whip              |     2 |    56 |     2 |     5 |       |       ||    65
       Punch             |     1 |     2 |    13 |     2 |       |       ||    18
       Falchion          |       |       |       |    20 |       |       ||    20
       Rapier            |       |       |       |   196 |  1000 |   215 ||  1411
       Dire flail        |       |       |       |    11 |       |       ||    11
       Kick              |       |       |       |       |   513 |    91 ||   604
       Scimitar          |       |       |       |       |    17 |       ||    17
Throw: Dart              |       |       |       |     6 |       |       ||     6
       Javelin           |       |       |       |     1 |       |     2 ||     3
       Boomerang         |       |       |       |       |       |     3 ||     3
 Cast: Freeze            |    34 |    14 |     6 |       |       |       ||    54
       Frozen Ramparts   |       |     9 |    17 |    32 |    41 |    16 ||   115
       Ozocubu's Armour  |       |       |     4 |    17 |    25 |     2 ||    48
       Searing Ray       |       |       |       |    25 |    31 |    25 ||    81
       Magic Dart        |       |       |       |    24 |    68 |    39 ||   131
       Hailstorm         |       |       |       |     3 |    22 |    11 ||    36
       Summon Ice Beast  |       |       |       |       |    10 |       ||    10
       Fulminant Prism   |       |       |       |       |    18 |     3 ||    21
       Iron Shot         |       |       |       |       |       |    15 ||    15
       Lightning Bolt    |       |       |       |       |       |     2 ||     2
       Summon Lightning  |       |       |       |       |       |     1 ||     1
Invok: Curse Item        |       |       |       |     3 |     4 |     1 ||     8
       Shatter the Chain |       |       |       |       |       |     1 ||     1
Evoke: Wand              |       |       |       |     3 |     5 |    16 ||    24
       Lightning rod     |       |       |       |       |     7 |     9 ||    16
       Condenser vane    |       |       |       |       |     2 |     2 ||     4
  Use: Scroll            |     1 |     7 |     7 |     6 |     3 |     1 ||    25
       Potion            |       |     6 |     5 |     3 |     3 |     5 ||    22
 Stab: Sleeping          |     2 |     6 |     8 |     5 |    20 |     1 ||    42
       Distracted        |       |       |       |     3 |     3 |     2 ||     8
       Invisible         |       |       |       |       |       |     3 ||     3
Armor: Robe              |    73 |    41 |   115 |    34 |       |       ||   263
       Skin              |       |    37 |       |       |       |       ||    37
       Steam dragon scal |       |       |       |   108 |   173 |    32 ||   313
Dodge: Dodged            |   130 |    90 |   327 |   410 |   824 |   178 ||  1959
Block: Buckler           |       |       |       |    66 |   326 |    82 ||   474
